 Dungeon Crawl Stone Soup version 0.29-a0-668-g12ee2bf84d (webtiles) character file.

Game seed: 12198671459336070045

17 dualclasshuman the Chopper (level 2, 0/27 HPs)
             Began as a Hill Orc Monk on June 23, 2022.
             Slain by a worm (10 damage)
             ... on level 2 of the Dungeon.
             The game lasted 00:01:51 (1429 turns).

dualclasshuman the Chopper (Hill Orc Monk)          Turns: 1429, Time: 00:01:51

Health: 0/27       AC:  2    Str: 13    XL:     2   Next: 62%
Magic:  2/2        EV: 12    Int: 10    God:
Gold:   81         SH:  0    Dex: 13    Spells: 1/1 levels left

rFire   . . .      SeeInvis .   a - +0 hand axe
rCold   . . .      Faith    .   (no shield)
rNeg    . . .      Spirit   .   b - +0 robe
rPois   .          Reflect  .   (no helmet)
rElec   .          Harm     .   (no cloak)
rCorr   .          Rampage  .   (no gloves)
Will    .....                   (no boots)
Stlth   ++........              (no amulet)
HPRegen 0.09/turn               (no ring)
MPRegen 0.08/turn               (no ring)

@: no status effects
A: no striking features
a: no special abilities


You were on level 2 of the Dungeon.
You visited 1 branch of the dungeon, and saw 2 of its levels.

You collected 81 gold pieces.

Inventory:

Hand Weapons
 a - a +0 hand axe (weapon)
Armour
 b - a +0 robe (worn)
Magical Staves
 j - a staff of fire
Jewellery
 i - an amulet of magic regeneration
Wands
 g - a wand of flame (11)
Scrolls
 e - a scroll of vulnerability {unknown}
 f - 4 scrolls of identify {unknown}
 h - a scroll of fog {unknown}
Potions
 c - a potion of ambrosia
 d - a potion of heal wounds {unknown}
 k - a potion of degeneration {unknown}
 l - a potion of curing {unknown}


   Skills:
 + Level 3.9 Fighting
 + Level 4.4 Axes
 + Level 2.6 Dodging
 + Level 1.7 Stealth


You had one spell level left.
You didn't know any spells.
Your spell library was empty.

Dungeon Overview and Level Annotations

Branches:
Dungeon (2/15)

Altars:


Message History

The goblin barely misses you.
You barely miss the goblin.
The goblin is severely wounded.
The goblin barely misses you.
You hit the goblin.
You kill the goblin!
No target in view!
No target in view!
No target in view!
No target in view!
No target in view!
Things that are here:
a +0 dagger; a goblin corpse You see here a staff of fire.
j - a staff of fire
f - 3 scrolls labelled UNWOEL DAGU (gained 1)
You see here 4 stones.
k - a white potion You now have 81 gold pieces (gained 12).
f - 4 scrolls labelled UNWOEL DAGU (gained 1)
l - a purple potion A worm comes into view.
Found a stone staircase leading up.
The worm bites you!
You hit the worm.
The worm is lightly wounded.
You hit the worm.
The worm is heavily wounded.
The worm bites you!
You are too injured to fight recklessly!
You are too injured to fight recklessly!
You are too injured to fight recklessly!
You are too injured to fight recklessly!
You are too injured to fight recklessly!
You are too injured to fight recklessly!
You are too injured to fight recklessly!
You hit the worm.
The worm is severely wounded.
The worm bites you!
You die...

### ...... #.. ..... #.
####.. ..... #..###.....
...# #..#...###. #..#
###.##.####.. #..#
##...#.......#
#w.###.......######
#.@##..##.##.#
#..##..##....#
#####..##.###..###
................#####
.#####.....##.......####
#..#####..####.....
#..#####..# ###
...........#
....#######.#


You could see a worm.

Vanquished Creatures
  A worm (D:2)
  2 endoplasms
  A giant cockroach (D:1)
  2 goblins
  A hobgoblin (D:1)
  2 kobolds (D:1)
  2 quokkas
  A ball python (D:1)
12 creatures vanquished.

Notes
Turn   | Place    | Note
-------+----------+-------------------------------------------
     0 | D:1      | dualclasshuman the Hill Orc Monk began the quest for the
                  | Orb.
     0 | D:1      | Reached XP level 1. HP: 19/19 MP: 1/1
   712 | D:1      | Reached XP level 2. HP: 23/27 MP: 2/2
  1429 | D:2      | Slain by a worm

Illustrated notes

Levels and vault maps discovered:
D:1:      matt_arrival_los_fun, layout_basic, minivault_24
D:2:      layout_rooms, nicolae_concentric_dashed_squares_wild,
          chequers_serial_rivers_marsh

Action                   || total
-------------------------++-------
Melee: Hand axe          ||    37
       Punch             ||     3
Evoke: Wand              ||     1
 Stab: Sleeping          ||     1
Armor: Robe              ||     1
Dodge: Dodged            ||    18

Table legend: (Time is in decaauts)
 A = Elapsed time spent in this place.
 B = Non-inter-level travel time spent in this place.
 C = Inter-level travel time spent in this place.
 D = Time resting spent in this place.
 E = Time spent auto-exploring this place.
 F = Levels seen in this place.
 G = Mean time per level.
                   A        B        C        D        E       F      G
               +--------+--------+--------+--------+--------+-----+--------+
         Total |   1432 |   1413 |     19 |    144 |   1141 |   2 |  716.0 |
       Dungeon |   1432 |   1413 |     19 |    144 |   1141 |   2 |  716.0 |
               +--------+--------+--------+--------+--------+-----+--------+

Top non-repeatable levels by time:
     D:1: 1010 daAuts
     D:2: 421 daAuts
